 Dungeon Crawl Stone Soup version 0.30-a0-800-g7c544603b3 (webtiles) character file.

Game seed: 15828773896041394902

31 Pimp the Conjurer (level 3, -16/22 HPs)
             Began as a Tengu Reaver on Feb 21, 2023.
             Killed by an exploding Natasha (36 damage)
             ... ignited by their inner flame
             ... on level 2 of the Dungeon.
             The game lasted 00:02:16 (717 turns).

Pimp the Conjurer (Tengu Reaver)                     Turns: 717, Time: 00:02:17

Health: -16/22     AC:  3    Str: 14    XL:     3   Next: 22%
Magic:  5/7        EV:  9    Int: 13    God:
Gold:   36         SH:  0    Dex: 12    Spells: 3/6 levels left

rFire   . . .      SeeInvis .    a - +0 spear
rCold   . . .      Faith    .    (no shield)
rNeg    . . .      Spirit   .    b - +0 leather armour
rPois   .          Reflect  .    (helmet restricted)
rElec   .          Harm     .    (no cloak)
rCorr   .          Rampage  .    (no gloves)
Will    .....                    (boots unavailable)
Stlth   +                        (no amulet)
HPRegen 0.23/turn                (no ring)
MPRegen 0.10/turn                (no ring)

@: immotile, constricted
A: beak, talons 3
a: no special abilities


You were on level 2 of the Dungeon.
You visited 1 branch of the dungeon, and saw 2 of its levels.

You collected 36 gold pieces.

Inventory:

Hand Weapons
 a - a +0 spear (weapon)
Armour
 b - a +0 leather armour (worn)
Scrolls
 g - 2 scrolls of identify {unknown}
Potions
 c - a potion of mutation {unknown}
 e - 2 potions of curing {unknown}
 f - a potion of haste {unknown}
 h - a potion of heal wounds {unknown}
 i - a potion of brilliance {unknown}


   Skills:
 + Level 2.3 Fighting
 + Level 3.5 Polearms
 + Level 0.9 Armour
 + Level 2.5 Dodging
 + Level 2.1 Spellcasting
 + Level 4.3 Conjurations


You had 3 spell levels left.
You knew the following spells:

 Your Spells              Type           Power      Damage    Failure   Level
a - Kiss of Death         Conj/Necr      28%        2d7       13%         1
b - Momentum Strike       Conj/Tloc      14%        3d8       19%         2

Your spell library contained the following spells:

 Spells                   Type           Power      Damage    Failure   Level
 Hailstorm                Conj/Ice       7%         3d4       36%         3


Dungeon Overview and Level Annotations

Branches:
Dungeon (2/15)

Altars:


Innate Abilities, Weirdness & Mutations

You have a beak for a mouth.
You have claws for feet.


Message History

Done exploring.
Done exploring.
There is a stone staircase leading down here.
You can't go down here!
There is a stone staircase leading down here.
You climb downwards.
Natasha hisses angrily.
There is a stone staircase leading up here.
There are monsters nearby!
Casting: Momentum Strike (safe; 19% risk of failure)
Confirm with . or Enter, or press ? or * to list all spells.
Aiming: Momentum Strike (safe; 19% risk of failure)
Press: ? - help, Dir - move target, f - Natasha
Aim: Natasha (60% to hit)
The concentrated momentum hits Natasha!
Natasha is heavily wounded.
You are unable to move.
Casting: Momentum Strike (safe; 19% risk of failure)
Confirm with . or Enter, or press ? or * to list all spells.
You cannot redirect your momentum while unable to move.
Unknown command.
You cannot move.
There are monsters nearby!
You hit Natasha. You claw Natasha.
Natasha is almost dead.
The ball python barely misses you. The ball python grabs you.
The ball python constricts you. Natasha closely misses you.
As you read the scroll labelled YSAP UMURUVA, it crumbles to dust.
The creatures around you are filled with an inner flame!
It was a scroll of immolation.
The bat barely misses you. The ball python bites you.
The ball python constricts you.
Natasha mumbles some strange words.
You cannot move.
You completely miss Natasha. You claw Natasha.
Moaning pathetically, Natasha's spirit plunges into the ground.
The shadow imp disappears in a puff of smoke!
Natasha explodes!
The fiery explosion engulfs you!!!
Ouch! That really hurt!
You die...

##########
#...§§§..#
#....§@..#
#....§§S.#
.............
#....b.....###
#.........##
#..........
............
.............


You could see a bat (inner flame) and a ball python (inner flame).

Vanquished Creatures
  Natasha (D:2)
  A dart slug (D:1)
  A bat (D:1)
  2 endoplasms (D:1)
  2 giant cockroaches (D:1)
  6 goblins (D:1)
  3 hobgoblins (D:1)
  3 kobolds (D:1)
  2 ball pythons (D:1)
  A frilled lizard (D:1)
  6 rats (D:1)
28 creatures vanquished.

Notes
Turn   | Place    | Note
-------+----------+-------------------------------------------
     0 | D:1      | Pimp the Tengu Reaver began the quest for the Orb.
     0 | D:1      | Reached XP level 1. HP: 12/12 MP: 4/4
   171 | D:1      | Reached XP level 2. HP: 17/17 MP: 6/6
   243 | D:1      | Learned a level 2 spell: Momentum Strike
   575 | D:1      | Reached XP level 3. HP: 20/20 MP: 7/7
   713 | D:2      | Noticed Natasha
   717 | D:2      | Killed Natasha
   717 | D:2      | Killed by an exploding Natasha... ignited by their inner
                  | flame

Illustrated notes

Levels and vault maps discovered:
D:1:      elethiomel_arrival_shortcut, layout_basic
D:2:      layout_rooms, dreamdust_ecumenical_altar_angels_and_demons,
          grunt_ministairs_14, uniq_natasha

Action                     || total
---------------------------++-------
  Melee: Spear             ||    59
         Kick              ||     9
         Peck              ||     4
   Cast: Kiss of Death     ||     1
         Momentum Strike   ||     3
    Use: Scroll            ||     1
 Armour: Leather armour    ||    16
  Dodge: Dodged            ||    39

Table legend: (Time is in decaauts)
 A = Elapsed time spent in this place.
 B = Non-inter-level travel time spent in this place.
 C = Inter-level travel time spent in this place.
 D = Time resting spent in this place.
 E = Time spent auto-exploring this place.
 F = Levels seen in this place.
 G = Mean time per level.
                   A        B        C        D        E       F      G
               +--------+--------+--------+--------+--------+-----+--------+
         Total |    712 |    712 |      0 |     32 |    516 |   2 |  356.0 |
       Dungeon |    712 |    712 |      0 |     32 |    516 |   2 |  356.0 |
               +--------+--------+--------+--------+--------+-----+--------+

Top non-repeatable levels by time:
     D:1: 708 daAuts
     D:2: 3 daAuts
